 Dungeon Crawl Stone Soup version 0.29.0-4-gdea44cf6ec (webtiles) character file.

Game seed: 5871999581055199895

23 qw the Chopper (level 2, -1/24 HPs)
             Began as a Demonspawn Cinder Acolyte on Sept 9, 2022.
             Was a High Priest of Ignis.
             Succumbed to their own poison gas
             ... on level 1 of the Dungeon.
             The game lasted 00:00:25 (1411 turns).

qw the Chopper (Demonspawn Cinder Acolyte)          Turns: 1411, Time: 00:00:25

Health: -1/24      AC:  7    Str: 14    XL:     2   Next: 75%
Magic:  3/3        EV:  9    Int: 15    God:    Ignis [*****.]
Gold:   35         SH:  2    Dex:  8    Spells: 3/3 levels left

rFire   + . .      SeeInvis .   Y - -1 hand axe (flame)
rCold   . . .      Faith    .   k - +0 buckler
rNeg    . . .      Spirit   .   j - +0 ring mail
rPois   .          Reflect  .   (no helmet)
rElec   .          Harm     .   (no cloak)
rCorr   .          Rampage  .   (no gloves)
Will    .....                   (no boots)
Stlth   ..........              (no amulet)
HPRegen 0.08/turn               (no ring)
MPRegen 0.08/turn               (no ring)

@: brilliant, lethally poisoned (-1 -> -9), flying
A: molten scales 1
a: Renounce Religion, Fiery Armour, Foxfire Swarm, Rising Flame


You were on level 1 of the Dungeon.
You worshipped Ignis.
Ignis was extremely pleased with you.
You visited 1 branch of the dungeon, and saw 1 of its levels.

You collected 35 gold pieces.


Innate Abilities, Weirdness & Mutations

You are partially covered in molten scales. (AC +2)


   Skills:
 - Level 3.0 Fighting
 - Level 3.7 Axes
 + Level 0.0 Shields
 - Level 1.0 Spellcasting
 - Level 2.6 Fire Magic


You had 3 spell levels left.
You didn't know any spells.
Your spell library contained the following spells:

 Spells                   Type           Power      Damage    Failure   Level
 Scorch                   Fire           26%        2d6       34%         2

Inventory:

Hand Weapons
 Y - a -1 hand axe of flaming (weapon)
Armour
 j - a +0 ring mail (worn)
 k - a +0 buckler (worn)
Potions
 e - a potion of haste {unknown}

Dungeon Overview and Level Annotations

Branches:
Dungeon (1/15)

Altars:

Shops:
D:1 (((


Message History

Really abort (and waste the scroll)?
Done exploring.
1401 ||| READING scroll labelled MEKAWIXKA.
The air fills with toxic fumes!
As you read the scroll labelled MEKAWIXKA, it crumbles to dust.
It was a scroll of poison.
Done exploring.
1402 ||| DRINKING 2 puce potions.
It was a potion of flight.
You feel very buoyant.
You fly up into the air.
Done exploring.
1403 ||| DRINKING 2 glowing green potions.
It was a potion of brilliance.
You feel clever all of a sudden.
Done exploring.
1404 ||| DROPPING potion of flight.
You drop a potion of flight.
Done exploring.
1405 ||| DROPPING potion of brilliance.
You drop a potion of brilliance.
Done exploring.
(D) Dungeon
Where to? (* - list waypoints, ? - help)
What level of the Dungeon? (default 1, ? - help) Sorry, I don't know how to get there.
Done exploring.
1406 ||| Stepping randomly (stuck).
Really fly into that cloud of poison gas?
You are engulfed in poison gas.
You are lethally poisoned!
You feel very sick.
1407 ||| Stepping ~*~*~tactically~*~*~ (cloud).
You feel very sick.
Items here: !! = [.
There is a lethal amount of poison in your body!
You feel very sick.
There is a lethal amount of poison in your body!
You feel sick.
There is a lethal amount of poison in your body!
You feel sick.
There is a lethal amount of poison in your body!
You die...

\..7...........###..##.###.#####.
..7..#.#..¤¤¤0¤0¤##0##..##..##...
.7...#.....¤0}0¤¤¤¤####.####'....
7)..####....¤000¤¤¤¤###'###).....
...## ##....¤¤.¤¤¤¤.............
...######.....0¤¤¤¤...>..####....
...........####¤.¤######.## #...#
#######..#.# #700¤7 #..###...# #
#.##.#


7@¤¤7 ##.......# ##### #.##.## 77¤77 #.###>..# '...# #.##..7 7P0P7 #.# #...#
###.# #.##.77 7.0777777#.# #...# # #.# #|##.P7777~0~~P~~7#.# #...#
###'###..#..~~..~¤0~~~~...# ##### ......'..#.P~P7~~¤077P7.###
###'###..#.777777~777777# # #.# #....# 7P.7 There were no monsters in sight!

Vanquished Creatures
  2 bats (D:1)
  2 endoplasms (D:1)
  4 giant cockroaches (D:1)
  2 goblins (D:1)
  A hobgoblin (D:1)
  2 jackals (D:1)
  2 ball pythons (D:1)
  3 kobolds (D:1)
  A rat (D:1)
19 creatures vanquished.

Notes
Turn   | Place    | Note
-------+----------+-------------------------------------------
     0 | D:1      | qw the Demonspawn Cinder Acolyte began the quest for the
                  | Orb.
     0 | D:1      | Reached XP level 1. HP: 18/18 MP: 2/2
     0 | D:1      | 0 ||| qw: Version: 0.1-a-113-g051387a
     0 | D:1      | 0 ||| qw: Game counter: 7005
     0 | D:1      | 0 ||| qw: Always use a shield: true
     0 | D:1      | 0 ||| qw: God list: Okawaru
     0 | D:1      | 0 ||| qw: Allow faded altars: false
     0 | D:1      | 0 ||| qw: Do Orc after D:15 true
     0 | D:1      | 0 ||| qw: Do second Lair branch before Depths: true
     0 | D:1      | 0 ||| qw: Lair rune preference: random
     0 | D:1      | 0 ||| qw: Plans: Normal
     0 | D:1      | 0 ||| PLANNING D:1-11
   146 | D:1      | 146 ||| Stepping ~*~*~tactically~*~*~ (stealth).
   147 | D:1      | 147 ||| Stepping ~*~*~tactically~*~*~ (stealth).
   160 | D:1      | 160 ||| INVOKING Fiery Armour.
   162 | D:1      | Reached skill level 3 in Axes
   183 | D:1      | Gained mutation: You are partially covered in molten
                  | scales. (AC +2) [demonic ancestry]
   183 | D:1      | Reached XP level 2. HP: 10/24 MP: 3/3
   367 | D:1      | Found Heuqir's Weapon Shoppe.
   885 | D:1      | Found Raecal's Antique Weapon Shop.
   990 | D:1      | Found Gaaczaekh's Weapon Emporium.
  1042 | D:1      | 1042 ||| SHOPLISTING +9 hand axe of Integrity {antimagic,
                  | *Slow rPois rC+ Int+3} (947 gold, have 35).
  1067 | D:1      | Found Ifuc's Weapon Boutique.
  1232 | D:1      | 1232 ||| Stepping ~*~*~tactically~*~*~ (stealth).
  1330 | D:1      | Found a faded altar of an unknown god.
  1381 | D:1      | 1381 ||| UPGRADING to +0 ring mail.
  1391 | D:1      | 1391 ||| DROPPING +0 robe.
  1392 | D:1      | 1392 ||| UPGRADING to +0 buckler.
  1397 | D:1      | 1397 ||| DROPPING ring of wizardry.
  1398 | D:1      | 1398 ||| READING scroll labelled BEONAT VODEACH.
  1399 | D:1      | 1399 ||| READING scroll labelled DAQEITR DYNKIZ.
  1400 | D:1      | 1400 ||| READING scroll labelled VUFOASMAMMU.
  1401 | D:1      | 1401 ||| READING scroll labelled MEKAWIXKA.
  1402 | D:1      | 1402 ||| DRINKING 2 puce potions.
  1403 | D:1      | 1403 ||| DRINKING 2 glowing green potions.
  1404 | D:1      | 1404 ||| DROPPING potion of flight.
  1405 | D:1      | 1405 ||| DROPPING potion of brilliance.
  1406 | D:1      | 1406 ||| Stepping randomly (stuck).
  1407 | D:1      | 1407 ||| Stepping ~*~*~tactically~*~*~ (cloud).
  1408 | D:1      | HP: 4/24 [poisoned by you (poison gas)]
  1410 | D:1      | HP: 1/24 [poisoned by you (poison gas)]
  1411 | D:1      | Succumbed to their own poison gas

Levels and vault maps discovered:
D:1:      nicolae_arrival_somewhat_less_tricky_arrival, layout_rooms,
          serial_shops, nicolae_diamond_shop, nicolae_shop_hallway_plus, shop,
          nicolae_shop_crystal, hellmonk_ecumenical_altar_inner_sanctum,
          minmay_door_square, serial_bayou_crossing

Skill      XL: |  1 |
---------------+----+-----
Axes           | 3 |  3.7
Fighting       | |  3.0
Spellcasting   | |  1.0
Fire Magic     | |  2.6

Action                   || total
-------------------------++-------
Melee: Hand axe          ||    76
       Punch             ||     2
Invok: Fiery Armour      ||     1
  Use: Scroll            ||     4
       Potion            ||     2
Armor: Robe              ||    25
Dodge: Dodged            ||    47

Table legend:
 A = Non-vault XP
 B = Vault XP
 C = Vault XP percentage of total XP
 D = Non-vault monster count
 E = Vault monster count
 F = Vault count percentage of total count
                 A         B        C        D         E       F
            +---------+---------+-------+---------+---------+-------
      Total |      34 |       0 |   0.0 |      19 |       0 |   0.0
            +---------+---------+-------+---------+---------+-------
        D:1 |      34 |       0 |   0.0 |      19 |       0 |   0.0
            +---------+---------+-------+---------+---------+-------
